 Dungeon Crawl Stone Soup version 0.30-a0-879-ga8ba668304 (webtiles) character file.

Game seed: 12872664599500186280

427 testman the Ruffian (level 6, -2/57 HPs)
             Began as a Ghoul Monk on Mar 13, 2023.
             Slain by a gnoll
             ... wielding a +0 whip
              (6 damage)
             ... on level 5 of the Dungeon.
             The game lasted 00:12:11 (4127 turns).

testman the Ruffian (Ghoul Monk)                    Turns: 4127, Time: 00:12:12

Health: -2/57      AC:  9    Str: 23    XL:     6   Next: 97%
Magic:  5/5        EV: 11    Int:  5    God:
Gold:   192        SH:  0    Dex: 13    Spells: 5/5 levels left

rFire   . . .      SeeInvis .      - Unarmed
rCold   + . .      Faith    +    (no shield)
rNeg    + + +      Spirit   .    G - +0 ring mail
rPois   ∞          Reflect  .    C - +0 helmet
rElec   +          Rampage  .    (no cloak)
rCorr   .                        (no gloves)
Will    +....                    n - +2 pair of boots
Stlth   +                        f - amulet of faith
HPRegen 0.00/turn                w - +6 ring of strength
MPRegen 0.09/turn                m - ring of Piyteral {rElec rN+ Will+ Dex+2}

@: inhibited regen
A: claws 1, cold resistance 1, negative energy resistance 3, inhibited
regeneration, torment resistance 2, devour on kill
a: no special abilities


You were on level 5 of the Dungeon.
You visited 1 branch of the dungeon, and saw 5 of its levels.
You also visited: Sewer.

You collected 192 gold pieces.

Inventory:

Hand Weapons
 F - a +0 heavy sling
Missiles
 y - 20 poisoned darts
 A - a throwing net (quivered)
Armour
 a - a +0 robe
 n - a +2 pair of boots (worn)
 p - a +0 leather armour
 C - a +0 helmet (worn)
 G - a +0 ring mail (worn)
Jewellery
 f - an amulet of faith (around neck)
 i - a +6 ring of dexterity
 m - the ring of Piyteral (right claw) {rElec rN+ Will+ Dex+2}
   (You found it on level 4 of the Dungeon)

   [ring of positive energy]

   Dex:       It affects your dexterity (+2).
   rElec:     It insulates you from electricity.
   rN:        It protects you from negative energy.
   Will:      It increases your willpower.
 w - a +6 ring of strength (left claw)
Wands
 x - a wand of polymorph (5)
Scrolls
 l - a scroll of vulnerability
 o - a scroll of enchant armour
 r - a scroll of amnesia {unknown}
 t - 3 scrolls of immolation
 u - 4 scrolls of poison
 v - 2 scrolls of teleportation
 E - a scroll of fear {unknown}
 H - a scroll of identify
Potions
 b - a potion of ambrosia
 c - a potion of degeneration {unknown}
 d - a potion of attraction {unknown}
 e - 4 potions of curing {unknown}
 g - a potion of resistance {unknown}
 h - 4 potions of mutation {unknown}
 j - 2 potions of might {unknown}
 k - 2 potions of haste {unknown}
 q - 2 potions of heal wounds {unknown}
 s - a potion of invisibility {unknown}
 z - 3 potions of lignification {unknown}
 B - a potion of cancellation {unknown}
 D - a potion of magic {unknown}


   Skills:
 + Level 6.3 Fighting
 - Level 2.6 Dodging
 - Level 2.1 Stealth
 + Level 6.3 Unarmed Combat


You had 5 spell levels left.
You didn't know any spells.
Your spell library contained the following spells:

 Spells                   Type           Power      Damage    Failure   Level
 Lesser Beckoning         Tloc           0%         N/A       78%         2
 Gell's Gravitas          Tloc           0%         N/A       95%         3
 Teleport Other           Tloc           0%         N/A       95%         3
 Conjure Ball Lightning   Conj/Air       0%         3x3d6     100%        6
 Discord                  Hex            0%         N/A       100%        8
 Disjunction              Tloc           0%         N/A       100%        8


Dungeon Overview and Level Annotations

Branches:
Dungeon (5/15)             Temple (0/1) D:5           Sewer (visited)

Altars:
Gozag
Kikubaaqudgha
Nemelex Xobeh
Uskayaw


Innate Abilities, Weirdness & Mutations

You are immune to poison.
You have sharp fingernails.
Your flesh is cold resistant. (rC+)
You are immune to negative energy. (rN+++)
You do not regenerate when monsters are visible.
You are immune to unholy pain and torment.
You thrive by killing the living.


Message History

The gnoll attacks as you move away! The gnoll closely misses you.
The gnoll attacks as you move away! The gnoll hits you but does no damage.
The ufetubus hits you but does no damage. x2
There is a stone staircase leading down here.
The ufetubus hits you.
The ufetubus hits you but does no damage.
The ufetubus hits you but does no damage. x2
You completely miss the ufetubus. The ufetubus misses you. x2
The ufetubus hits you but does no damage.
The ufetubus barely misses you.
You claw the ufetubus!
You kill the ufetubus!
The gnoll barely misses you.
You barely miss the gnoll. The gnoll hits you with a +0 whip.
You scratch the gnoll but do no damage. Your claw misses the gnoll.
The gnoll hits you from afar with a +1 heavy halberd.
The gnoll hits you with a +0 whip.
You claw the gnoll!
The gnoll is severely wounded.
You scratch the gnoll but do no damage.
The gnoll is severely wounded.
The gnoll hits you from afar with a +1 heavy halberd!
The gnoll hits you with a +0 whip.
You closely miss the gnoll.
The gnoll is severely wounded.
The gnoll hits you from afar with a +1 heavy halberd!
* * * LOW HITPOINT WARNING * * *
The gnoll hits you with a +0 whip.
* * * LOW HITPOINT WARNING * * *
The gnoll attacks as you move away! The gnoll hits you but does no damage.
The gnoll attacks as you move away! The gnoll hits you with a +0 whip.
* * * LOW HITPOINT WARNING * * *
The gnoll attacks as you move away! The gnoll closely misses you.
The dart slug launches a dart at you. The slug dart misses you.
The gnoll attacks as you move away! The gnoll hits you with a +0 whip.
* * * LOW HITPOINT WARNING * * *
There is a stone staircase leading up here.
The gnoll hits you with a +0 whip.
You die...

#.## ##.# #########.##
##.......#.# #..........#
#.........##
##.........##
#...........#
#....@......# ##
##...[g......# .####
#.......)....# ....####
#........÷...# .......#
#............# # ......#
#...w........# ### ....##
##g.g...<....## ##..
..>..### ###............#
##...
.###..g###.............##
##....


You could see 3 gnolls and a dart slug.

Vanquished Creatures
  An ogre (D:5)
  A phantom (D:4)
  7 adders
  7 river rats (Sewer)
  An ufetubus (D:5)
  A worm (D:5)
  A dart slug (D:5)
  2 orcs
  8 ball pythons
  9 bats
  6 endoplasms
  9 giant cockroaches
  5 goblins
  10 hobgoblins
  6 jackals (D:1)
  25 kobolds
  4 quokkas
  5 frilled lizards
  19 rats
127 creatures vanquished.

Notes
Turn   | Place    | Note
-------+----------+-------------------------------------------
     0 | D:1      | testman the Ghoul Monk began the quest for the Orb.
     0 | D:1      | Reached XP level 1. HP: 19/19 MP: 0/0
    95 | D:1      | Reached XP level 2. HP: 20/26 MP: 1/1
   333 | D:1      | Reached XP level 3. HP: 32/33 MP: 2/2
   873 | D:2      | You fall into a shaft and drop 2 floors!
   895 | D:4      | Reached XP level 4. HP: 37/41 MP: 3/3
   939 | D:4      | Identified the ring of Piyteral {rElec rN+ Will+ Dex+2}
  2068 | D:3      | Found a sparkling altar of Nemelex Xobeh.
  2069 | D:3      | Found an opulent altar of Gozag.
  2364 | D:4      | Found an ancient bone altar of Kikubaaqudgha.
  2416 | D:4      | Noticed a phantom
  2426 | D:4      | Killed a phantom
  2427 | D:4      | Reached skill level 5 in Fighting
  2427 | D:4      | Reached skill level 5 in Unarmed Combat
  2427 | D:4      | Reached XP level 5. HP: 37/48 MP: 4/4
  2691 | D:5      | Entered Level 5 of the Dungeon
  2691 | D:5      | Noticed a +0 falchion
  2700 | D:5      | Noticed a +0 dagger
  2809 | D:5      | Noticed an ogre
  2823 | D:5      | Killed an ogre
  2824 | D:5      | Reached XP level 6. HP: 12/57 MP: 5/5
  3062 | D:5      | Noticed a +0 short sword
  3063 | D:5      | Noticed a +0 spear
  3070 | D:5      | Noticed a +0 short sword
  3070 | D:5      | Noticed a +0 dagger
  3073 | D:5      | Noticed a +0 spear
  3075 | D:5      | Noticed a +0 falchion
  3139 | D:5      | Found a glowing drain.
  3151 | Sewer    | Entered a sewer
  4045 | D:5      | Found a hide-covered altar of Uskayaw.
  4088 | D:5      | Found a staircase to the Ecumenical Temple.
  4127 | D:5      | Slain by a gnoll

Illustrated notes

Levels and vault maps discovered:
D:1:      lightli_arrival_quake, layout_loops_cross
D:2:      layout_loops_ring
D:3:      layout_basic, grunt_temple_overflow_opulence
D:4:      layout_basic, elyvilon_altar_5, kennysheep_mini
D:5:      layout_cave_pods, nicolae_uskayaw_en_pointe,
          minmay_temple_entry_glass, portal_sewer_entry_e,
          kennysheep_generic_room_5, uniq_crazy_yiuf_cottage

Skill      XL: |  1  2  3  4  5  6 |
---------------+-------------------+-----
Fighting       | 4 5 6 |  6.3
Unarmed Combat | 4 5 6 |  6.3
Dodging        | |  2.6
Stealth        | |  2.1

Action                     |  1- 3 |  4- 6 || total
---------------------------+-------+-------++-------
  Melee: Unarmed           |    91 |   230 ||   321
         Punch             |     1 |     9 ||    10
    Use: Scroll            |       |     7 ||     7
         Potion            |       |     1 ||     1
   Stab: Sleeping          |     4 |     5 ||     9
 Armour: Robe              |     9 |     1 ||    10
         Leather armour    |       |    70 ||    70
         Ring mail         |       |     8 ||     8
  Dodge: Dodged            |    62 |   140 ||   202

Table legend: (Time is in decaauts)
 A = Elapsed time spent in this place.
 B = Non-inter-level travel time spent in this place.
 C = Inter-level travel time spent in this place.
 D = Time resting spent in this place.
 E = Time spent auto-exploring this place.
 F = Levels seen in this place.
 G = Mean time per level.
                   A        B        C        D        E       F      G
               +--------+--------+--------+--------+--------+-----+--------+
         Total |   4117 |   3803 |    314 |    287 |   2538 |   6 |  686.2 |
       Dungeon |   3351 |   3037 |    314 |    149 |   2183 |   5 |  670.2 |
         Sewer |    766 |    766 |      0 |    138 |    355 |   1 |  766.0 |
               +--------+--------+--------+--------+--------+-----+--------+

Top non-repeatable levels by time:
     D:4: 857 daAuts
   Sewer: 766 daAuts
     D:3: 762 daAuts
     D:1: 727 daAuts
     D:2: 612 daAuts
     D:5: 391 daAuts
